 Dungeon Crawl Stone Soup version 0.22-a0-480-g991dd4b (webtiles) character file.

46 Laiders72 the Caller (level 3, -7/20 HPs)
             Began as a Deep Elf Summoner on June 15, 2018.
             Mangled by kirsanium's ghost (11 damage)
             ... on level 3 of the Dungeon.
             The game lasted 00:09:07 (2809 turns).

Laiders72 the Caller (Deep Elf Summoner)            Turns: 2809, Time: 00:09:08

Health: -7/20      AC:  3    Str:  5    XL:     3   Next: 44%
Magic:  8/10       EV: 14    Int: 20    God:
Gold:   144        SH:  0    Dex: 20    Spells: 3/9 levels left

rFire    . . .     SeeInvis .   e - +0 whip
rCold    . . .     Gourm    .   (no shield)
rNeg     . . .     Faith    .   a - +0 robe
rPois    .         Spirit   .   (no helmet)
rElec    .         Reflect  .   (no cloak)
rCorr    .         Harm     .   n - +0 pair of gloves
MR       .....                  (no boots)
Stlth    ++++......             (no amulet)
HPRegen  0.06/turn              f - +5 ring of dexterity
MPRegen  0.12/turn              q - ring of stealth

@: berserk cooldown, slowed, very slow
A: no striking features
a: no special abilities


You were on level 3 of the Dungeon.
You were very hungry.

You visited 1 branch of the dungeon, and saw 3 of its levels.

You collected 144 gold pieces.

Inventory:

Hand Weapons
 e - a +0 whip (weapon)
Missiles
 k - 23 arrows
Armour
 a - a +0 robe (worn)
 n - a +0 pair of gloves (worn)
Jewellery
 f - a +5 ring of dexterity (left hand)
 j - an uncursed ring of poison resistance
 q - a ring of stealth (right hand)
Scrolls
 d - 2 scrolls of teleportation {unknown}
 h - 2 scrolls of remove curse {unknown}
 l - a scroll of enchant weapon {unknown}
Potions
 g - 3 potions of brilliance
 i - a potion of haste
 m - a potion of flight {unknown}
 o - a potion of berserk rage
 p - a potion of cancellation {unknown}
Comestibles
 c - 7 rations


   Skills:
 + Level 0.9 Fighting
 + Level 3.0 Dodging
 + Level 3.1 Stealth
 + Level 3.5 Spellcasting
 + Level 4.7 Summonings


You had 3 spell levels left.
You knew the following spells:

 Your Spells              Type           Power        Failure   Level  Hunger
a - Summon Small Mammal   Summ           ###.         1%          1    None
b - Call Imp              Summ           ###.....     3%          2    ##.....
c - Call Canine Familiar  Summ           ###.....     6%          3    ###....

Your spell library contained the following spells:

 Spells                   Type           Power        Failure   Level  Hunger
 Summon Ice Beast         Ice/Summ       ##......     45%         4    ####...
 Summon Lightning Spire   Summ/Air       ##......     45%         4    ####...
 Summon Guardian Golem    Hex/Summ       ##......     16%         3    ###....


Dungeon Overview and Level Annotations

Branches:
Dungeon (3/15)

Altars:
Ashenzari
Yredelemnul
The Shining One

Annotations:
D:3 kirsanium's ghost, amateur HuFi


Message History

A red film seems to cover your vision as you go berserk!
You feel yourself moving faster!
You feel mighty!
The kobold shouts!
Your hound bites kirsanium's ghost but does no damage.
Kirsanium's ghost hits you!
* * * LOW HITPOINT WARNING * * *
You feel a strong urge to attack something.
Your hound barely misses kirsanium's ghost.
The kobold throws a stone.
The stone closely misses you.
You feel your anger nearly subside.
Your hound bites kirsanium's ghost.
You are too berserk!
There isn't anything here!
You are no longer berserk.
You are exhausted.
You feel yourself slow down.
Your hound bites kirsanium's ghost.
Your hound bites kirsanium's ghost.
Kirsanium's ghost hits you!
Ouch! That really hurt!
You die...

#.####.K..........# #
#.#.#.......#.#.####
.##.###..###.###.#.# ..# ##.#
#K..<.#.## #.#
###.###..###.####...# #.#
#.#.##[.h####.###.# #.#
#.####.## #.##
#######.#######.####K####.#
......#.##......@Wh.......#
......#.##.#########.#####.#
......#.##.#########.######..
............................##
......#.##.#####........###.#
......#.##.## #.###....#
...>..#.#...## #.# ..###..#
##.####.#..... ..# #.. #.#
......#.#...###### #.#. .#


You could see kirsanium's ghost, a kobold and a friendly hound.

Vanquished Creatures
  An adder (D:3)
  2 bats (D:3)
  3 frilled lizards
  2 kobolds
8 creatures vanquished.

Vanquished Creatures (collateral kills)
  3 adders
  An ooze (D:3)
  2 worms
  A dart slug (D:1)
  An orc (D:3)
  2 giant cockroaches (D:1)
  A hobgoblin (D:1)
  3 kobolds
  A quokka (D:3)
  A bat (D:1)
  3 goblins
  5 rats
  A spectral orc (D:2)
25 creatures vanquished.

Grand Total: 33 creatures vanquished

Notes
Turn   | Place    | Note
-------+----------+-------------------------------------------
     0 | D:1      | Laiders72 the Deep Elf Summoner began the quest for the Orb.
     0 | D:1      | Reached XP level 1. HP: 10/10 MP: 6/6
   903 | D:1      | Reached XP level 2. HP: 16/16 MP: 6/8
  1014 | D:1      | Found a glowing golden altar of the Shining One.
  1381 | D:2      | Learned a level 2 spell: Call Imp
  1488 | D:2      | Found a shattered altar of Ashenzari.
  1844 | D:2      | Found a basalt altar of Yredelemnul.
  1986 | D:3      | Reached XP level 3. HP: 20/20 MP: 6/9
  2167 | D:3      | Noticed kirsanium's ghost (amateur HuFi)
  2382 | D:3      | Learned a level 3 spell: Call Canine Familiar
  2809 | D:3      | Mangled by kirsanium's ghost

Vault maps used:
D:1:      roderic_crop_circles_arrival_small, tso_altar
D:2:      ashenzari_conservatory_becter, yredelemnul_forgotten_temple_becter,
          first_ration, lemuel_old_faithful
D:3:      old_standard_altar, grunt_ministairs_9, uniq_terence, uniq_robin

Skill      XL: |  1  2  3 |
---------------+----------+-----
Stealth        | 3 |  3.1
Dodging        | 3 |  3.0
Fighting       | |  0.9
Spellcasting   | |  3.5
Summonings     | |  4.7

Action                   || total
-------------------------++-------
Melee: Unarmed           ||     1
       Whip              ||    39
 Cast: Summon Small Mamm ||    56
       Call Imp          ||     4
       Call Canine Famil ||     5
  Use: Scroll            ||     3
       Potion            ||     1
 Stab: Distracted        ||     1
  Eat: Chunk             ||     5
Armor: Robe              ||     9
Dodge: Dodged            ||    49

Table legend:
 A = Spawn XP
 B = Non-spawn XP
 C = Spawn XP percentage of total XP
 D = Spawn monster count
 E = Non-spawn monster count
 F = Spawn count percentage of total count
 G = Total turns spent on level
                    A         B        C        D         E        F      G
               +---------+---------+-------+---------+---------+-------+---------
         Total |       0 |      66 |   0.0 |       0 |      33 |   0.0 |  2809
               +---------+---------+-------+---------+---------+-------+---------
           D:1 |       0 |      14 |   0.0 |       0 |      13 |   0.0 |  1284
           D:2 |       0 |      21 |   0.0 |       0 |       7 |   0.0 |   915
           D:3 |       0 |      31 |   0.0 |       0 |      13 |   0.0 |   610
               +---------+---------+-------+---------+---------+-------+---------
